 Dungeon Crawl Stone Soup version 0.26.0-16-gc1dbca0489 (webtiles) character file.

Game seed: 4832858584791310046

51 teolandon225 the Sneak (level 3, -2/16 HPs)
             Began as a Spriggan Enchanter on Jan 21, 2021.
             Slain by a gnoll
             ... wielding a +0 halberd of freezing
              (5 damage)
             ... on level 2 of the Dungeon.
             The game lasted 00:02:45 (2775 turns).

teolandon225 the Sneak (Spriggan Enchanter)         Turns: 2775, Time: 00:02:46

Health: -2/16      AC:  2    Str:  4    XL:     3   Next: 57%
Magic:  7/8        EV: 19    Int: 17    God:
Gold:   97         SH:  0    Dex: 16    Spells: 4/7 levels left

rFire    . . .     SeeInvis +   n - +2 dagger (flame)
rCold    . . .     Faith    .   (shield restricted)
rNeg     . . .     Spirit   .   b - +0 robe
rPois    .         Reflect  .   (helmet restricted)
rElec    .         Harm     .   (no cloak)
rCorr    .         Rampage  .   (gloves unavailable)
Will     .....                  (boots unavailable)
Stlth    +++.......             (no amulet)
HPRegen  0.05/turn              (no ring)
MPRegen  0.11/turn              (no ring)

@: very quick
A: very small, unfitting armour, see invisible, speed 3
a: no special abilities


You were on level 2 of the Dungeon.
You visited 1 branch of the dungeon, and saw 3 of its levels.

You collected 97 gold pieces.

Inventory:

Hand Weapons
 a - a +1 dagger
 n - a +2 dagger of flaming (weapon)
Armour
 b - a +0 robe (worn)
Jewellery
 d - a cursed amulet of inaccuracy {unknown}
Scrolls
 e - 4 scrolls of identify {unknown}
 h - a scroll of immolation {unknown}
 j - 3 scrolls of amnesia {unknown}
 l - a scroll of fear {unknown}
 m - 2 scrolls of remove curse {unknown}
Potions
 c - a potion of degeneration {unknown}
 f - a potion of might {unknown}
 g - 3 potions of curing {unknown}
 i - a potion of magic {unknown}
 k - a potion of haste {unknown}


   Skills:
 - Level 1.1 Short Blades
 + Level 3.7 Dodging
 * Level 5.6 Stealth
 - Level 2.6 Spellcasting
 * Level 4.5 Hexes


You had 4 spell levels left.
You knew the following spells:

 Your Spells              Type           Power        Failure   Level
q - Ensorcelled Hibernat  Hex/Ice        18%          11%         2
r - Corona                Hex            18%          2%          1

Your spell library contained the following spells:

 Spells                   Type           Power        Failure   Level
 Confusing Touch          Hex            17%          9%          3
 Tukima's Dance           Hex            17%          9%          3
 Dazzling Flash           Conj/Hex       18%          22%         3


Dungeon Overview and Level Annotations

Branches:
Dungeon (3/15)

Altars:

Annotations:
D:2 exclusion: downstairs


Innate Abilities, Weirdness & Mutations

You are very small and have problems with some larger weapons.
You are too small for most types of armour.
You have supernaturally acute eyesight. (SInv)
You cover ground extremely quickly.


Message History

The gnoll looks drowsy...
The gnoll misses you.
The gnoll shouts!
You hear a shout!
The gnoll misses you. The gnoll barely misses you.
You see here a +0 ring mail.
There is a stone staircase leading up here.
There is a stone staircase leading up here.
The gnoll closely misses you.
You climb upwards.
Level annotation: exclusion: downstairs
There is a stone staircase leading down here.
You hit the gnoll. You burn the gnoll.
The gnoll is moderately wounded.
The gnoll hits you with a +0 halberd of freezing!
Ouch! That really hurt!
* * * LOW HITPOINT WARNING * * *
The gnoll freezes you.
You die...

#.....# #.#...#
######<###.# #.#.###
.........#.# ####.#.####
######.#.#.#####.........#
###......................#
....####.#####...........#
##### ##.# #............#
# #..# #............# #
#.## #.##@....(<..# ## #.#
#.#g.........######## .#
#.# #.#.#.#..............
.## #.#
#.#...#..###########.
..#####.# #.##......# #.
........# #.##......# #.
..####### #.##......# ##.
.## #.##......###### ##..
.# #[#............###..#


You could see a gnoll.

Vanquished Creatures
  An adder (D:2)
  A worm (D:2)
  A leopard gecko (D:1)
  An orc (D:3)
  3 bats
  2 giant cockroaches
  5 hobgoblins
  6 jackals
  4 kobolds
  4 goblins
  4 rats
32 creatures vanquished.

Notes
Turn   | Place    | Note
-------+----------+-------------------------------------------
     0 | D:1      | teolandon225 the Spriggan Enchanter began the quest for the
                  | Orb.
     0 | D:1      | Reached XP level 1. HP: 9/9 MP: 5/5
   232 | D:1      | Reached XP level 2. HP: 11/13 MP: 4/6
   235 | D:1      | Learned a level 2 spell: Ensorcelled Hibernation
   512 | D:1      | Reached skill level 5 in Stealth
  1490 | D:2      | Reached XP level 3. HP: 16/16 MP: 0/8
  2775 | D:2      | Slain by a gnoll

Illustrated notes

Levels and vault maps discovered:
D:1:      lightli_molten_gateway, layout_loops_corners
D:2:      layout_loops_ring, minmay_quadrilaterals
D:3:      layout_loops_ring, nicolae_ru_great_annihilating_truth, uniq_terence

Skill      XL: |  1  2 |
---------------+-------+-----
Hexes          | 4 |  4.5
Stealth        | 5 |  5.6
Short Blades   | |  1.1
Dodging        | |  3.7
Spellcasting   | |  2.6

Action                   || total
-------------------------++-------
Melee: Dagger            ||   100
 Cast: Corona            ||     2
       Ensorcelled Hiber ||    31
 Stab: Sleeping          ||    23
Armor: Robe              ||    10
Dodge: Dodged            ||    94
